 Dungeon Crawl Stone Soup version 0.32-a0-141-g04fe69798e (webtiles) character file.

Game seed: 695620875965243551

1180 Muffindrake the Digger (level 8, 0/57 HPs)
             Began as a Purple Draconian Earth Elementalist on Feb 11, 2024.
             Was an Initiate of Cheibriados.
             Slain by an ice beast (8 damage)
             ... on level 6 of the Dungeon.
             The game lasted 00:17:01 (5538 turns).

Muffindrake the Digger (DrEE)                       Turns: 5538, Time: 00:17:02

Health: 0/57       AC:  7    Str: 11    XL:     8   Next: 19%
Magic:  16/16      EV: 12    Int: 20    God:    Cheibriados [......]
Gold:   211        SH:  0    Dex: 12    Spells: 7/18 levels left

rFire   . . .        m - +1 dagger (venom)
rCold   . . .        (no shield)
rNeg    . . .        (body armour unavailable)
rPois   .            (helmet restricted)
rElec   .            (no cloak)
rCorr   .            h - +0 pair of gloves
SInv    .            (no boots)
Will    +....        w - amulet of magic regeneration
Stlth   ++           s - ring of wizardry
HPRegen 0.29/turn    (no ring)
MPRegen 0.55/turn

%: wizardry (x1)
@: short of breath, very slow
A: breathe power, AC +6, unfitting armour, cold-blooded
a: Breathe Dispelling Energy, Renounce Religion


You were on level 6 of the Dungeon.
You worshipped Cheibriados.
Cheibriados was noncommittal.
You visited 2 branches of the dungeon, and saw 7 of its levels.

You collected 211 gold pieces.

Inventory:

Hand Weapons
 m - a +1 dagger of venom (weapon)
Missiles
 l - 4 curare-tipped darts (quivered)
Armour
 h - a +0 pair of gloves (worn)
Jewellery
 s - a ring of wizardry (left hand)
 w - an amulet of magic regeneration (around neck)
Wands
 g - a wand of flame (21)
 p - a wand of polymorph (11)
Scrolls
 b - a scroll of enchant weapon
 d - a scroll of poison {unknown}
 e - 3 scrolls of fog
 i - a scroll of enchant armour {unknown}
 j - 3 scrolls of immolation
 q - a scroll of amnesia
 r - a scroll of vulnerability {unknown}
 t - 2 scrolls of silence
 u - a scroll of teleportation {unknown}
 v - a scroll of torment {unknown}
 x - a scroll of revelation {unknown}
Potions
 a - a potion of magic
 c - 2 potions of attraction
 k - 2 potions of degeneration {unknown}
 n - a potion of brilliance {unknown}
 o - 2 potions of heal wounds {unknown}
 z - a potion of mutation {unknown}
 A - a potion of haste {unknown}


   Skills:
 - Level 1.7 Dodging
 - Level 1.7 Stealth
 + Level 5.7 Spellcasting
 - Level 1.0 Conjurations
 + Level 2.7 Ice Magic
 * Level 7.4 Earth Magic
 + Level 3.9 Alchemy


You had 7 spell levels left.
You knew the following spells:

 Your Spells              Type           Power      Damage    Failure   Level
a - Sandblast             Erth           70%        2d15      1%          1
b - Passwall              Erth           35%        N/A       1%          3
c - Petrify               Alch/Erth      28%        N/A       4%          4
d - Frozen Ramparts       Ice            32%        1d5       4%          3

Your spell library contained the following spells:

 Spells                   Type           Power      Damage    Failure   Level
 Freeze                   Ice            64%        1d7       1%          1
 Stone Arrow              Conj/Erth      44%        3d9       2%          3
 Ozocubu's Armour         Ice            16%        N/A       4%          3
 Hailstorm                Conj/Ice       13%        3d6       6%          3
 Summon Ice Beast         Ice/Summ       11%        N/A       8%          3
 Brom's Barrelling Bould  Conj/Erth      22%        2d4       8%          4
 Fugue of the Fallen      Necr           5%         N/A       13%         3
 Manifold Assault         Tloc           5%         N/A       38%         4
 Sculpt Simulacrum        Ice/Alch       9%         N/A       82%         6


Dungeon Overview and Level Annotations

Branches:
Dungeon (6/15)             Temple (1/1) D:4

Altars:
Ashenzari
Cheibriados
Elyvilon
Fedhas
Gozag
Hepliaklqana
Kikubaaqudgha
Makhleb
Nemelex Xobeh
Okawaru
Qazlal
Sif Muna
Trog
Uskayaw
Vehumet
Wu Jian
Xom
Yredelemnul
Zin
The Shining One

Shops:
D:3 [   D:4 *   D:5 [


Innate Abilities, Weirdness & Mutations

You can breathe bolts of dispelling energy.
Your rich purple scales are hard. (AC +6)
You cannot fit into any form of body armour.
You are cold-blooded and may be slowed by cold attacks.


Message History

The white imp gestures at you. The puff of frost hits you.
The helpless ice beast fails to defend itself.
You hit the ice beast.
The ice beast is severely wounded.
The white imp hits you. The white imp freezes you.
You feel yourself slow down.
The helpless ice beast fails to defend itself.
You hit the ice beast.
The ice beast is severely wounded.
The white imp gestures at you. The puff of frost hits you!
* * * LOW HITPOINT WARNING * * *
The white imp gestures at you. The puff of frost hits you.
* * * LOW HITPOINT WARNING * * *
You feel yourself speed up. The white imp closely misses you.
You feel better. The white imp hits you.
* * * LOW HITPOINT WARNING * * *
The white imp freezes you.
You feel yourself slow down.
* * * LOW HITPOINT WARNING * * *
Unknown command.
You feel better.
The ice beast is no longer petrified.
The white imp barely misses you.
The white imp hits you but does no damage.
You feel yourself speed up.
The ice beast hits you but does no damage.
Aiming: Breathe Dispelling Energy (4% risk of failure)
Press: ? - help, Shift-Dir - straight line, f/p - white imp
Aim: a white imp (53% to hit)
You breathe a bolt of dispelling energy.
The bolt of dispelling energy hits the ice beast.
The ice beast is almost dead.
The bolt of dispelling energy hits the white imp!
The white imp is almost dead.
The ice beast hits you.
* * * LOW HITPOINT WARNING * * *
The ice beast freezes you!
You die...
Cheibriados appreciates the motionlessness of death.

### ### ##### #.. ..# ...(. #.#
#.# ..... #######.## #.# #.#
..... .........# #.# #.# .....
........5# #.# #.# #..#
#########Y# #.# #.# ###>.###.#
#@####.###.# ..#......#
#.##°...○#.# ..#...#..#
#..#.....#.# ..#...#.##
###....._....####### ....).#.#
#...##.....#.#......
......#.######.####°...~#.#.####.
..###.#.....##....###.###.#.####.
#)# #.#.#.............#...#......
#'###.###.#.#####.#######.#......


You could see an ice beast and a white imp.

Vanquished Creatures
  Sigmund (D:4)
  A water moccasin (D:6)
  2 black bears (D:6)
  2 ogres
  A phantom (D:6)
  Blork the orc (D:4)
  A bullfrog (D:5)
  A howler monkey (D:5)
  A bombardier beetle (D:5)
  A hound (D:6)
  An iguana (D:6)
  Robin (D:4)
  7 adders
  A gnoll (D:1)
  A white imp (D:5)
  8 dart slugs
  14 orcs
  5 endoplasms
  5 giant cockroaches
  16 goblins
  8 hobgoblins
  10 jackals
  A quokka (D:5)
  11 ball pythons
  7 bats
  4 kobolds
  9 rats
121 creatures vanquished.

Notes
Turn   | Place    | Note
-------+----------+-------------------------------------------
     0 | D:1      | Muffindrake the Draconian Earth Elementalist began the
                  | quest for the Orb.
     0 | D:1      | Reached XP level 1. HP: 14/14 MP: 3/3
    78 | D:1      | Reached XP level 2. HP: 3/20 MP: 1/5
   482 | D:1      | Reached XP level 3. HP: 6/26 MP: 3/6
  1059 | D:2      | Reached skill level 4 in Earth Magic
  1087 | D:2      | Learned a level 3 spell: Passwall
  1138 | D:2      | Reached XP level 4. HP: 25/33 MP: 4/8
  1145 | D:2      | Learned a level 4 spell: Petrify
  1948 | D:3      | Found Beackal's Antique Armour Shop.
  1997 | D:3      | You fall into a shaft and drop 3 floors!
  2017 | D:5      | Entered Level 5 of the Dungeon
  2159 | D:5      | Reached skill level 1 in Alchemy
  2250 | D:3      | Reached XP level 5. HP: 33/38 MP: 9/9
  2342 | D:3      | Found a faded altar of an unknown god.
  2900 | D:4      | Noticed Blork the orc
  2914 | D:4      | Killed Blork the orc
  2915 | D:4      | Reached skill level 5 in Earth Magic
  3061 | D:4      | Noticed Sigmund
  3073 | D:4      | Killed Sigmund
  3074 | D:4      | Reached XP level 6. HP: 34/45 MP: 3/11
  3399 | D:4      | Found Xedaniq's Neck Hole.
  3469 | D:4      | Learned a level 3 spell: Frozen Ramparts
  3482 | D:4      | Noticed Robin
  3494 | D:4      | Killed Robin
  3496 | D:4      | Reached skill level 6 in Earth Magic
  3685 | D:4      | Found a staircase to the Ecumenical Temple.
  3711 | Temple   | Found a transporter.
  3711 | Temple   | Found a transporter.
  3711 | Temple   | Found a transporter.
  3711 | Temple   | Found a transporter.
  3711 | Temple   | Entered the Ecumenical Temple
  3755 | Temple   | Became a worshipper of Cheibriados the Contemplative
  4285 | D:5      | Found Ybrelu's Antique Armour Boutique.
  4350 | D:5      | Your scales start taking on a rich purple colour.
  4350 | D:5      | Reached XP level 7. HP: 40/50 MP: 14/14
  4434 | D:5      | Reached skill level 1 in Ice Magic
  4465 | D:5      | Reached skill level 5 in Spellcasting
  4692 | D:5      | Noticed a wyvern
  4692 | D:5      | Noticed a troll
  5048 | D:6      | Reached skill level 7 in Earth Magic
  5277 | D:6      | Reached XP level 8. HP: 57/57 MP: 16/16
  5306 | D:6      | Found a stormy altar of Qazlal.
  5533 | D:6      | HP: 2/57 [white imp/puff of frost (6)]
  5538 | D:6      | Slain by an ice beast

Illustrated notes

Levels and vault maps discovered:
D:1:      dpeg_arrival_houses_and_road, layout_basic, hangedman_decor_points,
          chequers_serial_rivers_room_b
D:2:      layout_basic, st_stairs_1, grunt_ministairs_2
D:3:      layout_basic, serial_shops, shop,
          hellmonk_ecumenical_altar_pennies_from_heaven
D:4:      layout_basic, minmay_temple_entry_drinking_statues,
          nicolae_shop_sticking_my_neck_out, uniq_sigmund, uniq_robin,
          uniq_blork_the_orc
D:5:      layout_loops_ring, serial_shops, nicolae_take_the_stairs,
          lightli_corner_chamber
D:6:      layout_basic, grunt_qazlal_clouds
Temple:   hellmonk_temple_divided_pantheon

Skill      XL: |  1  2  3  4  5  6  7 |
---------------+----------------------+-----
Earth Magic    | 4 5 6 7 |  7.4
Spellcasting   | 3 4 5 |  5.7
Alchemy        | 1 2 3 |  3.9
Ice Magic      | 2 |  2.7
Dodging        | |  1.7
Stealth        | |  1.7
Conjurations   | |  1.0

Action                     |  1- 3 |  4- 6 |  7- 9 || total
---------------------------+-------+-------+-------++-------
  Melee: Spear             |     7 |       |       ||     7
         Dagger            |   113 |   163 |    93 ||   369
         Tailslap          |    12 |    22 |    25 ||    59
         Punch             |     2 |     9 |    12 ||    23
         Unarmed           |       |     8 |       ||     8
   Cast: Sandblast         |    16 |    25 |     3 ||    44
         Petrify           |       |     2 |     9 ||    11
         Frozen Ramparts   |       |     6 |     2 ||     8
Ability: Breathe Dispellin |       |       |     2 ||     2
    Use: Scroll            |     1 |     5 |     1 ||     7
         Potion            |       |       |     3 ||     3
   Stab: Sleeping          |     2 |     2 |     2 ||     6
         Petrified         |       |     4 |    33 ||    37
         Petrifying        |       |     1 |     1 ||     2
 Armour: Skin              |    97 |    96 |    61 ||   254
  Dodge: Dodged            |    94 |   126 |    49 ||   269

Table legend: (Time is in decaauts)
 A = Elapsed time spent in this place.
 B = Non-inter-level travel time spent in this place.
 C = Inter-level travel time spent in this place.
 D = Time resting spent in this place.
 E = Time spent auto-exploring this place.
 F = Levels seen in this place.
 G = Mean time per level.
                   A        B        C        D        E       F      G
               +--------+--------+--------+--------+--------+-----+--------+
         Total |   5983 |   5811 |    172 |    495 |   4093 |   7 |  854.7 |
       Dungeon |   5919 |   5747 |    172 |    495 |   4064 |   6 |  986.5 |
        Temple |     64 |     64 |      0 |      0 |     29 |   1 |   64.0 |
               +--------+--------+--------+--------+--------+-----+--------+

Top non-repeatable levels by time:
     D:4: 1404 daAuts
     D:5: 1057 daAuts
     D:1: 1022 daAuts
     D:2: 894 daAuts
     D:6: 771 daAuts
     D:3: 769 daAuts
  Temple: 64 daAuts
